 Dungeon Crawl Stone Soup version bcrawl-1.13-1-g4ae1fcee6e (webtiles) character file.

Game seed: 13809816359503196053

2 Camlann the Sneak (level 1, 0/15 HPs)
             Began as a Demonspawn Archaeologist on July 29, 2019.
             Slain by a bat (1 damage)
             ... on level 1 of the Dungeon.
             The game lasted 00:00:23 (275 turns).

Camlann the Sneak (Demonspawn Archaeologist)         Turns: 275, Time: 00:00:24

Health: 0/15       AC:  6    Str: 11    XL:     1   Next: 33%
Magic:  1/1        EV: 12    Int: 15    God:
Gold:   37         SH:  0    Dex: 11    Spells: 0/0 levels left

rFire    . . .     SeeInvis .   a - +0 whip
rCold    . . .     Gourm    .   (no shield)
rNeg     . . .     Faith    .   b - +1 robe
rPois    .         Spirit   .   c - +1 hat
rElec    .         Reflect  .   (no cloak)
rCorr    .         Harm     .   (no gloves)
MR       .....                  d - +1 pair of boots
Stlth    ++........             (no amulet)
HPRegen  0.05/turn              (no ring)
MPRegen  0.07/turn              (no ring)

@: no status effects
A: no striking features
a: no special abilities


You were on level 1 of the Dungeon.
You were not hungry.

You visited 1 branch of the dungeon, and saw 1 of its levels.

You collected 37 gold pieces.


   Skills:
 + Level 1.4 Fighting
 - Level 0.8 Maces & Flails
 - Level 2.6 Dodging
 - Level 3.0 Stealth


You couldn't memorise any spells.
You didn't know any spells.
Your spell library was empty.

Dungeon Overview and Level Annotations

Branches:
Dungeon (1/12)

Altars:

Inventory:

Hand Weapons
 a - a +0 whip (weapon)
Armour
 b - a +1 robe (worn)
 c - a +1 hat (worn)
 d - a +1 pair of boots (worn)
Jewellery
 j - an uncursed ring of fire
   (You found it on level 1 of the Dungeon)
Scrolls
 m - a scroll of remove curse {unknown}
Potions
 h - 2 potions of degeneration {unknown}
 i - a potion of agility {unknown}
 k - a potion of ambrosia {unknown}
 l - a potion of heal wounds {unknown}
Miscellaneous
 e - a dusty tome
 f - an ancient crate
Comestibles
 g - 3 rations {!d}
 n - 4 chunks of flesh {@w1}

#........# ###........# ..##.
#..........# #..#.
######.#........##
#....#####......#..........
#........######........# ##
#...##..#######......###
.######.#.##..###b....######
....)##.........6.gw###
..)........#...######
..#.............#
..).#####.....#.###### #..###
##.......#.....##
##...###...............##
###.##.................# #
####.##.................# .#
..##..#.................####.#
##


You could see a worm, a hobgoblin and a bat.


Message History

You hit the rat.
You kill the rat!
The helpless rat fails to defend itself.
You hit the rat.
The rat is heavily wounded.
The rat misses you.
You hit the rat.
You kill the rat!
No target in view!
No target in view!
No target in view!
No target in view!
No target in view!
No target in view!
HP restored.
Found a ring mail.
No target in view!
A worm and a hobgoblin come into view.
A bat comes into view.
The helpless worm fails to defend itself.
You hit the worm.
The worm is moderately wounded.
You barely miss the worm.
The worm is moderately wounded.
The worm bites you.
You completely miss the worm.
The worm is moderately wounded.
The worm closely misses you.
You hit the worm.
The worm is moderately wounded.
The hobgoblin shouts!
You hear a shout!
You barely miss the worm.
The worm is moderately wounded.
The bat hits you but does no damage. The worm bites you but does no damage.
You barely miss the worm.
The worm is moderately wounded.
The bat closely misses you. The hobgoblin hits you. The hobgoblin misses you.
The worm bites you.
* * * LOW HITPOINT WARNING * * *
You are too injured to fight recklessly!
You are too injured to fight recklessly!
You are too injured to fight recklessly!
You are too injured to fight recklessly!
You are too injured to fight recklessly!
You are too injured to fight recklessly!
You are too injured to fight recklessly!
You are too injured to fight recklessly!
You are too injured to fight recklessly!
You are too injured to fight recklessly!
You are too injured to fight recklessly!
You are too injured to fight recklessly!
You are too injured to fight recklessly!
You are too injured to fight recklessly!
You are too injured to fight recklessly!
You are too injured to fight recklessly!
The bat closely misses you. The bat hits you but does no damage.
The bat closely misses you. The bat barely misses you.
You closely miss the bat. The bat hits you but does no damage.
The bat completely misses you. The hobgoblin hits you.
* * * LOW HITPOINT WARNING * * *
The bat barely misses you.
You miss the bat. The bat hits you but does no damage. The hobgoblin hits you.
* * * LOW HITPOINT WARNING * * *
The bat barely misses you. The worm closely misses you.
The bat barely misses you. x2; The hobgoblin closely misses you.
The bat hits you but does no damage. The bat misses you. The bat misses you.
The bat hits you.
You die...

Action                   || total
-------------------------++-------
Melee: Whip              ||    28
 Stab: Sleeping          ||     2
Armor: Robe              ||    12
Dodge: Dodged            ||    22

Levels and vault maps discovered:
D:1:      lightli_arrival_chessboard, layout_rooms

Notes
Turn   | Place    | Note
-------+----------+-------------------------------------------
     0 | D:1      | Camlann the Demonspawn Archaeologist began the quest for
                  | the Orb.
     0 | D:1      | Reached XP level 1. HP: 15/15 MP: 1/1
   272 | D:1      | HP: 1/15 [hobgoblin (4)]
   275 | D:1      | Slain by a bat

Vanquished Creatures
  A hobgoblin (D:1)
  2 rats (D:1)
3 creatures vanquished.
